 Dungeon Crawl Stone Soup version 0.31-a0-133-gaae73658be (webtiles) character file.

Game seed: 3301093929991726929

56 IdlyInterested the Chopper (level 3, -5/28 HPs)
             Began as a Demonspawn Gladiator on June 2, 2023.
             Killed by divine providence
             ... invoked by an orc priest
              (15 damage)
             ... on level 2 of the Dungeon.
             The game lasted 00:06:48 (1106 turns).

IdlyInterested the Chopper (Demonspawn Gladiator)   Turns: 1106, Time: 00:06:48

Health: -5/28      AC:  6    Str: 16    XL:     3   Next: 71%
Magic:  3/3        EV: 11    Int:  9    God:
Gold:   124        SH:  0    Dex: 14    Spells: 2/2 levels left

rFire   . . .        a - +0 war axe
rCold   . . .        (no shield)
rNeg    . . .        o - +0 ring mail
rPois   .            c - +0 helmet
rElec   .            (no cloak)
rCorr   .            (no gloves)
SInv    .            (no boots)
Will    .....        (no amulet)
Stlth   +            (no ring)
HPRegen 0.24/turn    (no ring)
MPRegen 0.08/turn

%: no passive effects
@: no status effects
A: claws 1, demonic magic 1
a: no special abilities


You were on level 2 of the Dungeon.
You visited 1 branch of the dungeon, and saw 2 of its levels.

You collected 124 gold pieces.

Inventory:

Hand Weapons
 a - a +0 war axe (weapon)
 l - a +0 dagger
Missiles
 d - 3 throwing nets (quivered)
 e - a javelin
 f - 21 stones
Armour
 b - a +0 leather armour
 c - a +0 helmet (worn)
 j - a +0 helmet
 o - a +0 ring mail (worn)
Magical Staves
 p - a staff of poison
Scrolls
 g - 3 scrolls of identify {unknown}
 i - a scroll of teleportation {unknown}
 m - 2 scrolls of amnesia {unknown}
 r - a scroll of brand weapon {unknown}
 s - a scroll of enchant armour {unknown}
Potions
 h - a potion of lignification {unknown}
 k - a potion of might {unknown}
 n - 3 potions of curing
 q - a potion of invisibility {unknown}
 t - a potion of attraction {unknown}


   Skills:
 * Level 2.9 Fighting
 * Level 0.7 Short Blades
 - Level 2.9 Axes
 - Level 1.7 Throwing
 - Level 1.0 Armour
 - Level 2.6 Dodging
 * Level 0.7 Stealth
 - Level 1.0 Unarmed Combat


You had 2 spell levels left.
You didn't know any spells.
Your spell library contained the following spells:

 Spells                   Type           Power      Damage    Failure   Level
 Inner Flame              Hex/Fire       0%         N/A       93%         3
 Yara's Violent Unravell  Hex/Tmut       0%         3d3       100%        5
 Enfeeble                 Hex            0%         N/A       100%        7


Dungeon Overview and Level Annotations

Branches:
Dungeon (2/15)

Altars:

Shops:
D:1 =


Innate Abilities, Weirdness & Mutations

You have sharp fingernails.
Spells you cast may paralyse adjacent enemies.


Message History

The orc hits you with a +0 dagger.
You hit the orc.
The orc is heavily wounded.
The orc closely misses you.
You hit the orc.
You kill the orc!
The orc hits you from afar with a +0 trident.
The orc priest mumbles some strange prayers to Beogh against you.
Beogh smites you!
Ouch! That really hurt!
You barely miss the orc priest. You hit the orc.
The orc priest hits you with a +0 dagger.
The orc barely misses you. The orc hits you with a +0 trident.
The orc priest begins to cast a cantrip, but forgets the words!
The orc hits you with a +0 short sword.
* * * LOW HITPOINT WARNING * * *
Unknown command.
You barely miss the orc priest. You hit the orc. x2
You kill the orc!
The orc hits you with a +0 short sword.
* * * LOW HITPOINT WARNING * * *
The orc priest closely misses you.
Unknown command.
You barely miss the orc priest. You closely miss the orc.
The orc closely misses you.
The orc priest hits you with a +0 dagger.
* * * LOW HITPOINT WARNING * * *
You barely miss the orc priest. You closely miss the orc.
The orc closely misses you. The orc priest closely misses you.
The orc priest hits you with a +0 dagger.
* * * LOW HITPOINT WARNING * * *
The orc closely misses you.
It was a potion of curing.
You feel better. The orc hits you but does no damage.
The orc priest hits you but does no damage.
You barely miss the orc priest. You barely miss the orc. The orc misses you.
The orc priest calls down the wrath of Beogh upon you.
Beogh smites you!
Ouch! That really hurt!
You die...

#....#.#.#.#....#
....#.#.#.#.#......##
††)#.#.#.#.#.#......#
..#.#.#.#.#.#.# ...#
.#.#.#.#.#.#.#.# ...#
#.#.#.#.#.#.#.#.#...#
.#.#.#.#.#.#.#.#....#
..#.#.#.#.#.#.#oo..#
...#.#.#.#.#.#))@.#
....#.#.#.#.#....##
.....#.#.#.#....##
....††#.#.#....##
#......#.#....##
##.#....#....##
#..........##
###.......##
##...####


You could see an orc priest and an orc.

Vanquished Creatures
  A worm (D:2)
  2 dart slugs (D:1)
  2 orcs (D:2)
  2 ball pythons
  2 endoplasms (D:1)
  2 giant cockroaches
  8 goblins
  2 hobgoblins (D:1)
  4 jackals (D:2)
  3 kobolds
  4 quokkas
  4 bats
  5 frilled lizards
  4 rats
45 creatures vanquished.

Notes
Turn   | Place    | Note
-------+----------+-------------------------------------------
     0 | D:1      | IdlyInterested the Demonspawn Gladiator began the quest for
                  | the Orb.
     0 | D:1      | Reached XP level 1. HP: 16/16 MP: 1/1
     3 | D:1      | Noticed an electric eel
     4 | D:1      | Noticed an electric eel
   129 | D:1      | Discovered your monstrous ancestry.
   129 | D:1      | Gained mutation: You have sharp fingernails. [demonic
                  | ancestry]
   129 | D:1      | Reached XP level 2. HP: 22/22 MP: 2/2
   254 | D:1      | Reached skill level 1 in Armour
   434 | D:1      | Found Qesuo's Jewellery Emporium.
   532 | D:1      | Gained mutation: Spells you cast may paralyse adjacent
                  | enemies. [demonic ancestry]
   532 | D:1      | Reached XP level 3. HP: 28/28 MP: 3/3
   835 | D:2      | Reached skill level 1 in Unarmed Combat
  1106 | D:2      | Killed from afar by an orc priest

Illustrated notes

Levels and vault maps discovered:
D:1:      arrival_aquarium_b, layout_basic, serial_shops, shop, st_stairs_10
D:2:      layout_rooms, nicolae_the_louvre

Skill      XL: |  1  2  3 |
---------------+----------+-----
Armour         | 1 |  1.0
Unarmed Combat | 1 |  1.0
Fighting       | |  2.9
Short Blades   | |  0.7
Axes           | |  2.9
Throwing       | |  1.7
Dodging        | |  2.6
Stealth        | |  0.7

Action                     || total
---------------------------++-------
  Melee: War axe           ||   117
    Use: Potion            ||     1
 Armour: Leather armour    ||     8
         Ring mail         ||    42
  Dodge: Dodged            ||    90

Table legend: (Time is in decaauts)
 A = Elapsed time spent in this place.
 B = Non-inter-level travel time spent in this place.
 C = Inter-level travel time spent in this place.
 D = Time resting spent in this place.
 E = Time spent auto-exploring this place.
 F = Levels seen in this place.
 G = Mean time per level.
                   A        B        C        D        E       F      G
               +--------+--------+--------+--------+--------+-----+--------+
         Total |   1147 |   1066 |     81 |     78 |    498 |   2 |  573.5 |
       Dungeon |   1147 |   1066 |     81 |     78 |    498 |   2 |  573.5 |
               +--------+--------+--------+--------+--------+-----+--------+

Top non-repeatable levels by time:
     D:1: 889 daAuts
     D:2: 258 daAuts
